 Dungeon Crawl Stone Soup version 0.30.1-9-gdf580d7c3d (webtiles) character file.

Game seed: 14395630573686770996

505 Cheops the Frost Mage (level 7, -7/55 HPs)
             Began as a Naga Ice Elementalist on Oct 19, 2023.
             Was an Initiate of Cheibriados.
             Mangled by Menkaure (14 damage)
             ... on level 5 of the Dungeon.
             The game lasted 00:07:09 (3452 turns).

Cheops the Frost Mage (Naga Ice Elementalist)       Turns: 3452, Time: 00:07:10

Health: -7/55      AC: 12    Str: 11    XL:     7   Next: 18%
Magic:  9/11       EV: 14    Int: 19    God:    Cheibriados [......]
Gold:   221        SH:  0    Dex: 12    Spells: 1/12 levels left

rFire   + . .        a - +0 hand axe
rCold   . . .        (no shield)
rNeg    . . .        r - +1 leather armour of Red Life {rF+ SInv}
rPois   +            k - +0 helmet
rElec   .            (no cloak)
rCorr   .            e - +0 pair of gloves
SInv    +            (no barding)
Will    .....        i - amulet of regeneration
Stlth   ++           m - +5 ring of evasion
HPRegen 1.09/turn    (no ring)
MPRegen 0.12/turn

%: no passive effects
@: ice-armoured, very slow
A: AC +2, large, see invisible, deformed body, poison resistance, slowness 2,
spit poison 1, naga tail 1
a: Spit Poison, Renounce Religion


You were on level 5 of the Dungeon.
You worshipped Cheibriados.
Cheibriados was noncommittal.
You visited 2 branches of the dungeon, and saw 6 of its levels.

You collected 221 gold pieces.

Inventory:

Hand Weapons
 a - a +0 hand axe (weapon)
Armour
 d - a +0 robe
 e - a +0 pair of gloves (worn)
 k - a +0 helmet (worn)
 r - the +1 leather armour of Red Life (worn) {rF+ SInv}
   (You found it on level 3 of the Dungeon)

   rF:        It protects you from fire.
   SInv:      It lets you see invisible.
Jewellery
 i - an amulet of regeneration (around neck)
 m - a +5 ring of evasion (left hand)
Scrolls
 f - a scroll of identify {unknown}
 g - a scroll of torment
 h - a scroll of immolation {unknown}
 j - a scroll of butterflies {unknown}
 l - a scroll of fog {unknown}
 s - a scroll of teleportation {unknown}
 u - a scroll of poison {unknown}
Potions
 b - a potion of magic
 c - 3 potions of curing {unknown}
 n - a potion of lignification {unknown}
 o - a potion of mutation {unknown}
 p - a potion of ambrosia {unknown}
 q - 3 potions of brilliance {unknown}
 t - 2 potions of might {unknown}
 v - a potion of heal wounds {unknown}


   Skills:
 - Level 1.5 Dodging
 - Level 3.0 Stealth
 - Level 3.0 Spellcasting
 + Level 8.0 Ice Magic


You had one spell level left.
You knew the following spells:

 Your Spells              Type           Power      Damage    Failure   Level
a - Freeze                Ice            100%       1d10      1%          1
r - Frozen Ramparts       Ice            66%        1d10      2%          3
A - Ozocubu's Armour      Ice            33%        N/A       2%          3
I - Summon Ice Beast      Ice/Summ       18%        N/A       36%         4

Your spell library contained the following spells:

 Spells                   Type           Power      Damage    Failure   Level
 Sandblast                Erth           4%         2d4       21%         1
 Passwall                 Tmut/Erth      1%         N/A       30%         2
 Stone Arrow              Conj/Erth      4%         3d7       52%         3
 Alistair's Intoxication  Tmut/Pois      1%         N/A       99%         5
 Borgnjor's Vile Clutch   Necr/Erth      1%         N/A       99%         5
 Eringya's Noxious Bog    Tmut/Pois      1%         N/A       100%        6


Dungeon Overview and Level Annotations

Branches:
Dungeon (5/15)             Temple (1/1) D:4

Altars:
Ashenzari
Cheibriados
Dithmenos
Elyvilon
Fedhas
Gozag
Hepliaklqana
Kikubaaqudgha
Makhleb
Okawaru
Ru
Sif Muna
Trog
Uskayaw
Vehumet
Wu Jian
Xom
Zin
The Shining One

Shops:
D:2 [

Annotations:
D:5 Menkaure


Innate Abilities, Weirdness & Mutations

Your serpentine skin is tough. (AC +2)
You have supernaturally acute eyesight. (SInv)
Armour fits poorly on your strangely shaped body.
Your system is resistant to poisons. (rPois)
You cover ground very slowly.
You can spit poison.
You have a snake-like lower body.


Message History

You hit Menkaure but do no damage. You punch Menkaure, but do no damage.
Menkaure calls on the powers of darkness!
Your body is wracked with pain!
* * * LOW HITPOINT WARNING * * *
You hit Menkaure. You punch Menkaure, but do no damage.
Menkaure is lightly damaged.
Menkaure closely misses you.
You barely miss Menkaure. Your punch misses Menkaure.
Menkaure is lightly damaged.
Menkaure misses you.
You completely miss Menkaure.
Menkaure is lightly damaged.
You hear the rusting of a very distant drain.
Menkaure gestures wildly while chanting.
Menkaure seems to speed up.
You barely miss Menkaure.
Menkaure is lightly damaged.
Menkaure blazes with dark energy!
Menkaure barely misses you. Menkaure closely misses you.
You hit Menkaure.
Menkaure is moderately damaged.
Menkaure calls on the powers of darkness!
Your body is wracked with pain!
* * * LOW HITPOINT WARNING * * *
Menkaure closely misses you.
You hit Menkaure.
Menkaure is moderately damaged.
Menkaure completely misses you.
You hit Menkaure but do no damage.
Menkaure is moderately damaged.
Menkaure hits you!!
* * * LOW HITPOINT WARNING * * *
Menkaure barely misses you.
You hit Menkaure.
Menkaure is heavily damaged.
Menkaure hits you but does no damage.
You hit Menkaure but do no damage.
Menkaure is heavily damaged.
Menkaure hits you!
You die...

#..♣
##.♣♣
#..♣
#.♣♣
#.♣
#.♣
#.♣
#.♣♣
#@.♣
#.M♣
#...♣
#...♣
##...
.###
.. ..


You could see Menkaure (fast).

Vanquished Creatures
  2 ogres
  4 hounds (D:4)
  An orc priest (D:5)
  A gnoll bouda (D:3)
  An orc wizard (D:3)
  3 gnolls (D:3)
  2 adders
  A white imp (D:4)
  2 worms
  11 orcs
  6 ball pythons
  5 bats
  5 endoplasms
  4 hobgoblins
  4 jackals (D:2)
  2 kobolds (D:3)
  2 quokkas
  3 frilled lizards
  7 goblins
  A rat (D:1)
67 creatures vanquished.

Notes
Turn   | Place    | Note
-------+----------+-------------------------------------------
     0 | D:1      | Cheops the Naga Ice Elementalist began the quest for the
                  | Orb.
     0 | D:1      | Reached XP level 1. HP: 15/15 MP: 3/3
   417 | D:1      | Reached XP level 2. HP: 22/22 MP: 3/5
  1091 | D:2      | Found Itavys's Antique Armour Shoppe.
  1200 | D:2      | Reached XP level 3. HP: 28/28 MP: 2/7
  1313 | D:2      | Identified the +0 leather armour of the Cockroach {Int+3
                  | Dex+8 Slay-6}
  1813 | D:3      | Found an ancient bone altar of Kikubaaqudgha.
  1928 | D:3      | Found a sacrificial altar of Ru.
  1969 | D:3      | Reached skill level 5 in Ice Magic
  1969 | D:3      | Reached XP level 4. HP: 24/36 MP: 1/8
  2215 | D:3      | Found a hazy altar of Hepliaklqana.
  2303 | D:3      | Reached XP level 5. HP: 27/42 MP: 1/9
  2465 | D:3      | Identified the +1 leather armour of Red Life {rF+ SInv}
  2467 | D:3      | Noticed a +0 short sword
  2467 | D:3      | Noticed a +0 spear
  2468 | D:3      | Noticed a +0 falchion
  2468 | D:3      | Noticed a +0 spear
  2468 | D:3      | Noticed a +0 falchion
  2469 | D:3      | Noticed a +0 short sword
  2469 | D:3      | Noticed a +0 dagger
  2472 | D:3      | Noticed a +0 dagger
  2551 | D:3      | Found a hide-covered altar of Uskayaw.
  2611 | D:4      | Learned a level 3 spell: Frozen Ramparts
  2615 | D:4      | Learned a level 3 spell: Ozocubu's Armour
  2642 | D:4      | Reached skill level 6 in Ice Magic
  2791 | D:4      | Reached XP level 6. HP: 49/49 MP: 6/10
  2991 | D:4      | Reached skill level 7 in Ice Magic
  3147 | D:4      | Found a staircase to the Ecumenical Temple.
  3159 | Temple   | Entered the Ecumenical Temple
  3219 | Temple   | Became a worshipper of Cheibriados the Contemplative
  3261 | D:4      | Learned a level 4 spell: Summon Ice Beast
  3294 | D:5      | Entered Level 5 of the Dungeon
  3371 | D:5      | Found a glowing silver altar of Zin.
  3381 | D:5      | Reached skill level 8 in Ice Magic
  3381 | D:5      | Reached XP level 7. HP: 55/55 MP: 4/11
  3438 | D:5      | Noticed Menkaure
  3452 | D:5      | Mangled by Menkaure

Illustrated notes

Levels and vault maps discovered:
D:1:      ncdulo_wetmaze, layout_loops_ring, grunt_decor_arrowhead, nrook_uturn,
          grunt_decor_mini_mirrors
D:2:      layout_rooms, serial_shops, shop
D:3:      layout_loops_cross, kiku_gazebo_garden_becter,
          mainiacjoe_overflow_paths, nicolae_uskayaw_en_pointe,
          lemuel_round_altar
D:4:      layout_basic, minmay_temple_entry_tees, minmay_crystal_room
D:5:      layout_basic, mainiacjoe_overflow_catch_the_wave,
          cheibrodos_sewer_entry_bend, uniq_menkaure, uniq_pikel
Temple:   nicolae_temple_ecumenical_triangle

Skill      XL: |  1  2  3  4  5  6 |
---------------+-------------------+-----
Spellcasting   | 3 |  3.0
Ice Magic      | 5 6 8 |  8.0
Dodging        | |  1.5
Stealth        | |  3.0

Action                     |  1- 3 |  4- 6 |  7- 9 || total
---------------------------+-------+-------+-------++-------
  Melee: Hand axe          |    12 |    47 |    10 ||    69
         Punch             |       |       |     2 ||     2
   Cast: Freeze            |    56 |    51 |       ||   107
         Ozocubu's Armour  |       |     1 |     1 ||     2
         Frozen Ramparts   |       |     1 |       ||     1
Ability: Spit Poison       |     1 |     7 |       ||     8
    Use: Scroll            |       |     1 |       ||     1
 Armour: Robe              |    17 |     2 |       ||    19
         Leather armour    |       |    22 |     1 ||    23
  Dodge: Dodged            |    43 |    79 |     9 ||   131
